Map: Thunderbird LE

Players

Makanoft - Winner!

  • Race: Zerg Zerg
  • League: Platinum
  • Spawn Location: 11:00

GeArMiAc

  • Race: Zerg Zerg
  • League: Platinum
  • Spawn Location: 5:00

VOD

Have the link to the VOD?

Description

Time

  • Played on: Aug. 28, 2019, 8:10 p.m.
  • Length: 7:05
Show
View Real Time Build Order
Export as new Build Order

Makanoft Zerg - Winner!

Build Orders: Hatch First 

Get SALT Encoding   

  12  0:01  Drone  
  13  0:10  Drone  
  14  0:15  Extractor  
  14  0:16  Drone  
  15  0:22  Overlord  
  15  0:42  Drone x2  
  17  0:45  Drone  
  18  0:59  Hatchery  
  18  1:00  Drone  
  18  1:14  Spawning Pool  
  17  1:21  Extractor, Drone x2  
  18  1:29  Drone  
  19  1:41  Overlord  
  19  1:49  Drone  
  20  2:02  Zergling x2  
  20  2:03  Queen  
  23  2:12  Zergling x2  
  23  2:14  Zergling x2  
  23  2:15  Hatchery  
  24  2:25  Queen  
  26  2:30  Metabolic Boost  
  26  2:37  Drone x2  
  28  2:46  Drone x2  
  28  2:50  Overlord  
  30  2:56  Zergling x2  
  30  2:57  Zergling x2  
  32  3:04  Zergling x2  
  32  3:05  Zergling x2  
  34  3:14  Zergling x8  
  38  3:24  Zergling x2  
  38  3:25  Zergling x2  
  40  3:33  Zergling x2  
  40  3:34  Zergling x4  
  43  3:41  Zergling x6  
  43  3:42  Baneling Nest  
  43  3:47  Zergling x6  
  47  3:56  Zergling x4  
  47  3:57  Drone  
  47  4:02  Overlord  
  48  4:25  Drone  
  48  4:26  Drone x7  
  53  4:33  Baneling x3  
  53  4:38  Zergling x4  
  53  4:39  Zergling x2  
  56  4:46  Zergling x2  
  56  4:51  Drone  
  56  4:52  Drone  
  50  4:57  Drone  
  50  4:58  Drone  
  44  5:04  Zergling x10  
  48  5:14  Roach Warren, Zergling x4  
  50  5:16  Queen x2  
  53  5:21  Zergling x6  
  55  5:36  Zergling x4  
  55  5:37  Overlord x2  
  56  5:56  Drone x3  
  56  5:57  Drone x4  
  56  6:09  Roach  
  56  6:10  Roach x5  
  67  6:25  Extractor, Zergling x4  
  66  6:26  Zergling x2  
  66  6:27  Extractor  
  66  6:31  Zergling x6  
  66  6:32  Roach x2  
  72  6:38  Drone  
  73  6:44  Overlord x2  
Show
View Real Time Build Order
Export as new Build Order

GeArMiAc Zerg 

Build Orders: Hatch First, Zergling Baneling 

Get SALT Encoding   

  12  0:01  Drone  
  13  0:12  Overlord  
  13  0:16  Drone  
  14  0:31  Drone x2  
  14  0:34  Drone  
  17  0:53  Hatchery  
  16  0:59  Drone  
  16  1:01  Extractor  
  16  1:03  Drone  
  17  1:16  Spawning Pool  
  17  1:17  Drone  
  17  1:24  Drone  
  18  1:28  Drone  
  19  1:52  Hatchery  
  18  2:06  Metabolic Boost  
  18  2:08  Queen  
  18  2:14  Zergling x6  
  23  2:17  Zergling x2  
  24  2:30  Zergling x6  
  27  2:39  Overlord  
  27  2:49  Overlord  
  27  2:50  Drone  
  28  2:57  Queen  
  30  3:01  Drone x3  
  33  3:08  Drone  
  33  3:10  Drone x2  
  35  3:31  Overlord  
  35  3:32  Drone  
  35  3:33  Drone x5  
  41  3:41  Roach Warren  
  38  3:54  Zergling x2, Baneling Nest  
  38  3:55  Zergling x10  
  39  4:06  Spine Crawler  
  38  4:11  Spine Crawler  
  38  4:13  Zergling x10  
  41  4:25  Zergling x12  
  44  4:31  Roach  
  44  4:32  Roach  
  44  4:37  Baneling  
  44  4:38  Baneling x4  
  38  4:41  Zergling x2  
  38  4:44  Baneling  
  38  4:45  Baneling  
  39  4:46  Baneling  
  25  5:06  Zergling x2  
  25  5:07  Zergling x4  
  28  5:17  Drone  
  28  5:18  Drone x2  
  30  5:47  Drone x7  
  30  5:48  Drone x3  
  33  6:05  Zergling x10  
  32  6:18  Zergling x2  
  27  6:35  Baneling  
  27  6:42  Baneling  
  27  6:47  Zergling x2  
  27  6:48  Zergling x10  
  27  6:49  Extractor  
Tags
 
Add a new tag
Caveats
  • Supply blocks, unpowered buildings, or Contaminate may cause inaccurate times.
  • Supply counts are checked every 10 seconds.